 Dungeon Crawl Stone Soup version 0.30-a0-996-ga6910c8ee8 (webtiles) character file.

Game seed: 8290516655983471283

502 jasper the Chopper (level 6, -3/47 HPs)
             Began as a Demonspawn Cinder Acolyte on Apr 4, 2023.
             Was a High Priest of Ignis.
             Slain by Blork the orc
             ... wielding a +0 hand axe
              (4 damage)
             ... on level 4 of the Dungeon.
             The game lasted 00:04:00 (3194 turns).

jasper the Chopper (Demonspawn Cinder Acolyte)      Turns: 3194, Time: 00:04:00

Health: -3/47      AC:  7    Str: 16    XL:     6   Next: 95%
Magic:  7/7        EV:  9    Int: 16    God:    Ignis [*****.]
Gold:   170        SH:  0    Dex:  8    Spells: 7/7 levels left

rFire   + . .      SeeInvis .    c - +0 war axe
rCold   . . .      Faith    .    f - orb {guile}
rNeg    . . .      Spirit   .    w - +0 scale mail
rPois   .          Reflect  .    (helmet restricted)
rElec   .          Rampage  .    h - +0 cloak
rCorr   .                        (no gloves)
Will    .....                    (no boots) Stlth
                                 (no amulet)
HPRegen 0.27/turn                (no ring)
MPRegen 0.20/turn                (no ring)

@: no status effects
A: antennae 1, magic regeneration
a: Renounce Religion, Fiery Armour, Foxfire Swarm, Rising Flame


You were on level 4 of the Dungeon.
You worshipped Ignis.
Ignis was extremely pleased with you.
You visited 1 branch of the dungeon, and saw 4 of its levels.

You collected 170 gold pieces.

Inventory:

Hand Weapons
 a - a -1 hand axe of flaming
 c - a +0 war axe (weapon)
Missiles
 j - 11 poisoned darts (quivered)
 m - 2 boomerangs
Armour
 b - a +0 robe
 f - an orb of guile (worn)
 h - a +0 cloak (worn)
 i - a scarf of shadows
 l - a +0 leather armour
 q - a +0 ring mail
 w - a +0 scale mail (worn)
Wands
 n - a wand of roots (6)
Scrolls
 p - a scroll of blinking
 u - a scroll of vulnerability
 v - a scroll of noise {unknown}
 x - a scroll of fog {unknown}
 y - a scroll of identify
Potions
 d - a potion of brilliance
 e - a potion of attraction {unknown}
 g - a potion of berserk rage {unknown}
 k - a potion of invisibility {unknown}
 o - 2 potions of ambrosia
 r - 3 potions of heal wounds
 s - a potion of resistance {unknown}
 t - 2 potions of lignification {unknown}


   Skills:
 + Level 3.5 Fighting
 * Level 6.8 Axes
 + Level 1.4 Armour
 - Level 1.0 Spellcasting
 - Level 2.6 Fire Magic


You had 7 spell levels left.
You didn't know any spells.
Your spell library contained the following spells:

 Spells                   Type           Power      Damage    Failure   Level
 Scorch                   Fire           18%        2d6       38%         2
 Necrotise                Necr           0%         1d4       63%         1
 Cigotuvi's Dreadful Rot  Necr/Pois/Air  0%         N/A       77%         2
 Vampiric Draining        Necr           0%         2d6       94%         3
 Dispel Undead            Necr           0%         3d6       100%        4
 Agony                    Necr           0%         N/A       100%        5
 Death Channel            Necr           0%         N/A       100%        6


Dungeon Overview and Level Annotations

Branches:
Dungeon (4/15)
 Temple: D:4-7

Altars:
Sif Muna

Annotations:
D:4 Blork the orc, Pikel


Innate Abilities, Weirdness & Mutations

You have a pair of small antennae on your head.
You regenerate magic rapidly.


Message History

Blork the orc gestures at you while chanting.
The puff of frost hits you!
Blork the orc drinks a potion.
Blork the orc is healed!
You hit Blork the orc.
Blork the orc is heavily wounded.
Blork the orc hits you with a +0 hand axe.
You barely miss Blork the orc.
Blork the orc is heavily wounded.
Blork the orc hits you with a +0 hand axe. x2
You barely miss Blork the orc.
Blork the orc is heavily wounded.
Blork the orc hits you with a +0 hand axe.
Blork the orc barely misses you.
You take 24 damage, and have 17/47 hp.
MASSIVE DAMAGE!!
You slash Blork the orc!
Blork the orc is almost dead.
Blork the orc closely misses you.
Pikel, Merchant of Souls comes into view.
He is wielding a +0 whip of flaming.
You closely miss Blork the orc.
Blork the orc is almost dead.
Blork the orc misses you. Blork the orc closely misses you.
You barely miss Blork the orc.
Blork the orc is almost dead.
You closely miss Pikel. Blork the orc completely misses you.
Blork the orc hits you with a +0 hand axe.
* * * LOW HITPOINT WARNING * * *
A lemure comes into view.
Pikel hits you with a +0 whip of flaming!
* * * LOW HITPOINT WARNING * * *
Pikel burns you.
* * * LOW HITPOINT WARNING * * *
You closely miss Blork the orc.
Blork the orc is almost dead.
You closely miss Pikel.
Blork the orc hits you with a +0 hand axe.
* * * LOW HITPOINT WARNING * * *
Pikel hits you with a +0 whip of flaming.
* * * LOW HITPOINT WARNING * * *
Blork the orc hits you with a +0 hand axe.
You die...

#.# #.. #.# #.#
#.###.#
####..##.#####.
#..............
#.###.##.######
# ####.# #.##)#
#.#o...# #.##.#
#5K@...# #.##<#
...........#
#.####
#########....#..
...#.### ..#....
#........
##.###### ..


You could see Pikel, Blork the orc (fast) and a lemure.

Vanquished Creatures
  Sigmund (D:2)
  A hound (D:3)
  An orc priest (D:3)
  Jessica (D:3)
  An orc wizard (D:3)
  Natasha (thrice) (D:3)
  Robin (D:2)
  5 adders
  A shadow imp (D:3)
  A worm (D:3)
  5 dart slugs
  10 orcs
  7 bats
  4 endoplasms
  2 giant cockroaches (D:2)
  16 goblins
  8 hobgoblins
  A jackal (D:2)
  2 quokkas
  5 ball pythons
  2 frilled lizards
  A kobold (D:3)
  3 rats
82 creatures vanquished.

Notes
Turn   | Place    | Note
-------+----------+-------------------------------------------
     0 | D:1      | jasper the Demonspawn Cinder Acolyte began the quest for
                  | the Orb.
     0 | D:1      | Reached XP level 1. HP: 18/18 MP: 2/2
    48 | D:1      | Reached skill level 3 in Axes
   117 | D:1      | Gained mutation: You have a pair of small antennae on your
                  | head. [demonic ancestry]
   117 | D:1      | Reached XP level 2. HP: 18/24 MP: 3/3
  1299 | D:2      | Noticed Robin
  1302 | D:2      | Reached XP level 3. HP: 29/29 MP: 4/4
  1308 | D:2      | Reached skill level 4 in Axes
  1311 | D:2      | Killed Robin
  1379 | D:2      | Found a faded altar of an unknown god.
  1398 | D:2      | Reached XP level 4. HP: 35/35 MP: 5/5
  1420 | D:2      | Noticed Sigmund
  1436 | D:2      | Killed Sigmund
  1437 | D:2      | Reached skill level 5 in Axes
  1437 | D:2      | Reached XP level 5. HP: 31/41 MP: 6/6
  1548 | D:2      | Reached skill level 6 in Axes
  2203 | D:3      | Noticed Natasha
  2213 | D:3      | Killed Natasha
  2214 | D:3      | Gained mutation: You regenerate magic rapidly. [demonic
                  | ancestry]
  2214 | D:3      | Reached XP level 6. HP: 16/47 MP: 7/7
  2484 | D:3      | Noticed Natasha
  2495 | D:3      | Killed Natasha
  2582 | D:3      | Noticed Natasha
  2594 | D:3      | HP: 2/47 [crimson imp[Natasha] (3)]
  2604 | D:3      | Killed Natasha
  2667 | D:3      | Reached skill level 1 in Armour
  2911 | D:3      | Noticed Jessica
  2928 | D:3      | Killed Jessica
  3114 | D:3      | Found a shimmering blue altar of Sif Muna.
  3178 | D:4      | Noticed Blork the orc
  3191 | D:4      | Noticed Pikel
  3194 | D:4      | HP: 2/47 [Blork the orc/+0 hand axe (3)]
  3194 | D:4      | Slain by Blork the orc

Illustrated notes

Levels and vault maps discovered:
D:1:      scummos_arrival_hexagon, layout_loops_ring, serial_co_window_serial,
          co_window_paths_b, co_window_paths_a, co_window_paths_b,
          co_window_of_opportunity_a, co_window_cross_1,
          co_window_of_opportunity_a, co_window_corner_a, co_window_corner_a,
          co_window_paths_a, co_window_2corner, co_window_corner_cb,
          co_window_unsneaky_path_d, co_window_of_opportunity_b,
          co_window_cross_2, co_window_unsneaky_path_a, glass_columns_a,
          glass_columns_b, glass_columns_b
D:2:      minmay_inner_zag, layout_loops_ring, ebering_ecumenical_altar_rust,
          due_unseen_surprise, uniq_sigmund, uniq_robin
D:3:      layout_rooms, led_sif_pool, portal_sewer_entry_d,
          minmay_misc_feat_square, uniq_jessica, uniq_natasha
D:4:      layout_basic, nicolae_gozag_seed_capital, serial_corexii_hall,
          corexii_hall_statues_x, corexii_hall_statues_i, minmay_circle_x,
          uniq_edmund, uniq_blork_the_orc, uniq_pikel, uniq_ijyb

Skill      XL: |  1  2  3  4  5  6 |
---------------+-------------------+-----
Axes           | 3 4 5 6 |  6.8
Armour         | 1 |  1.4
Fighting       | |  3.5
Spellcasting   | |  1.0
Fire Magic     | |  2.6

Action                     |  1- 3 |  4- 6 || total
---------------------------+-------+-------++-------
  Melee: Hand axe          |    85 |    68 ||   153
         War axe           |       |   119 ||   119
  Throw: Dart              |     1 |       ||     1
 Invoke: Fiery Armour      |     1 |     1 ||     2
    Use: Scroll            |       |     5 ||     5
         Potion            |       |     2 ||     2
 Armour: Robe              |    11 |       ||    11
         Leather armour    |    11 |    33 ||    44
         Ring mail         |       |    62 ||    62
         Scale mail        |       |    44 ||    44
  Dodge: Dodged            |    53 |   168 ||   221

Table legend: (Time is in decaauts)
 A = Elapsed time spent in this place.
 B = Non-inter-level travel time spent in this place.
 C = Inter-level travel time spent in this place.
 D = Time resting spent in this place.
 E = Time spent auto-exploring this place.
 F = Levels seen in this place.
 G = Mean time per level.
                   A        B        C        D        E       F      G
               +--------+--------+--------+--------+--------+-----+--------+
         Total |   3311 |   3170 |    141 |      8 |   2297 |   4 |  827.8 |
       Dungeon |   3311 |   3170 |    141 |      8 |   2297 |   4 |  827.8 |
               +--------+--------+--------+--------+--------+-----+--------+

Top non-repeatable levels by time:
     D:1: 1306 daAuts
     D:3: 1056 daAuts
     D:2: 892 daAuts
     D:4: 56 daAuts
